AoeStats
← Ux'RaúlME

Enclosed

506529375Analyzed
1v1 RM · 19d ago on Sep 13, 2026· 49m 2s· 2 players
Game mode
Random Map
Map size
Tiny (2 player)
Population
200
Speed
Normal
Resources
Standard
Victory
Conquest
Starting age
Dark Age
Ending age
Imperial Age
RankedLock teamsTeams togetherTeam positionsShared explorationLock speedFull tech treeHidden civsTurbo modeCheats
Victory
Defeat
🇲🇽 Franks · Mexico
1454
+14
🇫🇷 Wu · France
1401
-14
jahmaanyque
6:58 Loom
8:59 Feudal Age
9:21 Man-at-Arms
14:47 Double-Bit Axe
17:16 Scale Mail Armor
19:56 Fletching
24:51 Castle Age
23:27 Forging
23:25 Arson
24:57 Pikeman
25:38 Squires
27:14 Wheelbarrow
27:30 Bow Saw
28:19 Horse Collar
30:34 Chain Mail Armor
36:14 Bodkin Arrow
41:33 Imperial Age
40:16 Padded Archer Armor
40:52 Iron Casting
41:52 Leather Archer Armor
41:43 Halberdier
42:54 Heavy Plow
44:28 Plate Mail Armor
44:46 Scale Barding Armor
46:23 Blast Furnace
46:51 Conscription
48:14 Hand Cart
48:09 Bracer
Ux'RaúlME
7:32 Loom
9:49 Feudal Age
11:12 Double-Bit Axe
15:39 Fletching
20:36 Castle Age
19:50 Scale Barding Armor
23:42 Husbandry
25:24 Forging
27:16 Wheelbarrow
27:52 Bow Saw
32:06 Gold Mining
32:06 Stone Mining
32:06 Gold Mining
32:06 Stone Mining
37:01 Imperial Age
36:38 Chain Barding Armor
39:48 Plate Barding Armor
40:13 Iron Casting
39:14 Cavalier
43:36 Blast Furnace
42:48 Bodkin Arrow
44:27 Conscription
43:33 Elite Throwing Axeman
45:03 Scale Mail Armor
46:39 #83
48:29 Padded Archer Armor
48:47 Chain Mail Armor
50:13 Chemistry
49:35 Ballistics
Connection lost

Rejoining the realm…

Still unreachable

The connection could not be restored.

Session expired

The server has moved on; the page needs a fresh start.